AoeStats
← Master_Keef

Four Lakes

507353767Analyzed
1v1 RM · 15d ago on Sep 17, 2026· 45m 24s· 2 players
Game mode
Random Map
Map size
Tiny (2 player)
Population
200
Speed
Normal
Resources
Standard
Victory
Conquest
Starting age
Dark Age
Ending age
Imperial Age
RankedLock teamsTeams togetherTeam positionsShared explorationLock speedFull tech treeHidden civsTurbo modeCheats
Victory
Defeat
🇨🇱 Franks · Chile
826
+15
🇺🇸 Italians · United States
807
-15
Master_Keef
11:00 Feudal Age
9:15 Loom
11:37 Fishing Lines
12:15 Double-Bit Axe
14:19 Wheelbarrow
17:43 Castle Age
18:28 Town Watch
18:55 Scale Mail Armor
19:06 Forging
18:23 Pikeman
22:32 Iron Casting
22:13 Chain Mail Armor
23:50 Gillnets
24:19 Squires
24:33 Stone Mining
30:32 Fletching
30:43 Padded Archer Armor
32:59 Bodkin Arrow
42:51 Imperial Age
40:41 Hand Cart
41:32 Leather Archer Armor
45:05 Bracer
Balduino IV
12:11 Feudal Age
13:20 Double-Bit Axe
14:39 Wheelbarrow
22:59 Castle Age
23:05 Scale Barding Armor
25:01 Hand Cart
24:54 Elite Skirmisher
28:19 Bow Saw
38:57 Imperial Age
40:02 Fletching
40:13 Padded Archer Armor
Connection lost

Rejoining the realm…

Still unreachable

The connection could not be restored.

Session expired

The server has moved on; the page needs a fresh start.